 Dungeon Crawl Stone Soup version 0.31-a0-234-gad7ace16ef (webtiles) character file.

Game seed: 8332072804874315937

352 qw the Shooter (level 6, 0/56 HPs)
             Began as a Minotaur Hexslinger on July 9, 2023.
             Slain by Duvessa
             ... wielding a +0 short sword
              (5 damage)
             ... on level 3 of the Dungeon.
             The game lasted 00:01:05 (2863 turns).

qw the Shooter (Minotaur Hexslinger)                Turns: 2863, Time: 00:01:05

Health: 0/56       AC:  4    Str: 13    XL:     6   Next: 34%
Magic:  6/6        EV: 12    Int: 10    God:
Gold:   162        SH:  0    Dex: 14    Spells: 6/7 levels left

rFire   . . .        Y - +1 sling
rCold   . . .        (no shield)
rNeg    . . .        d - +0 leather armour
rPois   .            (helmet restricted)
rElec   .            (no cloak)
rCorr   .            a - +0 pair of gloves
SInv    .            (no boots)
Will    .....        (no amulet)
Stlth   +            (no ring)
HPRegen 0.29/turn    (no ring)
MPRegen 0.10/turn

%: no passive effects
@: no status effects
A: horns 2, retaliatory headbutt
a: no special abilities


You were on level 3 of the Dungeon.
You visited 1 branch of the dungeon, and saw 4 of its levels.

You collected 162 gold pieces.


Innate Abilities, Weirdness & Mutations

You have a pair of horns on your head.
You reflexively headbutt those who attack you in melee.


   Skills:
 - Level 5.3 Fighting
 + Level 5.7 Ranged Weapons
 - Level 2.1 Dodging
 - Level 1.0 Spellcasting
 - Level 2.0 Hexes


You had 6 spell levels left.
You knew the following spells:

 Your Spells              Type           Power      Damage    Failure   Level
a - Slow                  Hex            16%        N/A       19%         1

Your spell library contained the following spells:

 Spells                   Type           Power      Damage    Failure   Level
 Inner Flame              Hex/Fire       2%         N/A       65%         3
 Portal Projectile        Hex/Tloc       4%         N/A       65%         3
 Cause Fear               Hex            2%         N/A       88%         4

Inventory:

Hand Weapons
 Y - a +1 sling (weapon)
Armour
 a - a +0 pair of gloves (worn)
 d - a +0 leather armour (worn)
Scrolls
 f - 2 scrolls of identify
Potions
 b - a potion of curing
 g - a potion of mutation
 h - a potion of haste

Dungeon Overview and Level Annotations

Branches:
Dungeon (4/15)
 Temple: D:4-7

Altars:
Qazlal
Zin

Annotations:
D:3 2 runed translucent doors, Dowan; Duvessa; qw's ghost, amateur GrHs


Message History

The sling bullet closely misses Duvessa.
Dowan closely misses you. Duvessa closely misses you.
You shoot a sling bullet.
The sling bullet hits Duvessa but does no damage.
Dowan hits you but does no damage. Duvessa hits you with a +0 short sword!
You shoot a sling bullet. The sling bullet barely misses Duvessa.
Dowan hits you with a +0 dagger. Duvessa hits you with a +0 short sword!
You shoot a sling bullet. The sling bullet hits Duvessa!
Duvessa is moderately wounded.
Dowan barely misses you. Duvessa hits you with a +0 short sword!
Dowan hits you with a +0 dagger.
2857 ||| DRINKING potion of heal wounds.
You feel much better. Duvessa closely misses you. You furiously retaliate!
You headbutt Duvessa! Dowan hits you with a +0 dagger.
You shoot a sling bullet.
The sling bullet completely misses Duvessa.
Duvessa misses you. Dowan hits you with a +0 dagger.
You shoot a sling bullet.
The sling bullet hits Duvessa but does no damage.
Duvessa is heavily wounded.
Duvessa hits you with a +0 short sword. Dowan closely misses you.
Duvessa hits you with a +0 short sword.
You shoot a sling bullet. The sling bullet hits Duvessa!
Duvessa is severely wounded.
Dowan hits you with a +0 dagger. Duvessa hits you with a +0 short sword.
You shoot a sling bullet. The sling bullet hits Duvessa.
Duvessa is severely wounded.
Dowan misses you.
Duvessa says, "My weaknesses are his strengths!"
Duvessa barely misses you.
You shoot a sling bullet.
The sling bullet hits Duvessa but does no damage.
Duvessa is severely wounded.
Dowan gestures wildly while chanting.
Dowan blinks!
Duvessa hits you with a +0 short sword.
You shoot a sling bullet. The sling bullet hits Duvessa.
Duvessa is almost dead.
Duvessa hits you with a +0 short sword.
You die...

#.###.#
#..##.#######
####.#........#
#....#..#####.#
#.####..# #.# #.#
#.^# #.# ####.##
#..# #e# ..(...#
#..#####e# ####..#
#.....##@# #..#
#.###.##ยค#
####..###.# #.##.#
.......##.# #.##.#
###.#.#.#.###.##.#
.........).......#
.##.#.#.##########
.###...## .# ##.##


You could see Duvessa and Dowan.

Vanquished Creatures
  Sigmund (D:3)
  An orc priest (D:3)
  An iguana (D:3)
  Robin (D:2)
  3 gnolls (D:2)
  2 adders
  3 worms
  3 dart slugs
  4 orcs (D:3)
  4 ball pythons
  9 bats
  3 endoplasms
  5 giant cockroaches
  12 goblins
  8 hobgoblins
  3 quokkas (D:1)
  2 frilled lizards (D:1)
  3 kobolds
  2 rats
70 creatures vanquished.

Notes
Turn   | Place    | Note
-------+----------+-------------------------------------------
     0 | D:1      | qw the Minotaur Hexslinger began the quest for the Orb.
     0 | D:1      | Reached XP level 1. HP: 16/16 MP: 1/1
     0 | D:1      | 0 ||| qw: Version: 0.3-a-51-g015441d
     0 | D:1      | 0 ||| qw: Game counter: 4113
     0 | D:1      | 0 ||| qw: Melee chars always use a shield: true
     0 | D:1      | 0 ||| qw: God list: Okawaru
     0 | D:1      | 0 ||| qw: Allow faded altars: false
     0 | D:1      | 0 ||| qw: Do Orc after clearing Dungeon:15 true
     0 | D:1      | 0 ||| qw: Do second Lair branch before Depths: true
     0 | D:1      | 0 ||| qw: Lair rune preference: random
     0 | D:1      | 0 ||| qw: Goals: Normal
     0 | D:1      | 0 ||| PLANNING D:1-11
   119 | D:1      | Found a faded altar of an unknown god.
   133 | D:1      | Reached skill level 3 in Ranged Weapons
   151 | D:1      | Reached XP level 2. HP: 23/23 MP: 2/2
   718 | D:1      | 718 ||| UPGRADING to +0 leather armour.
   728 | D:1      | 728 ||| DROPPING +0 robe.
   729 | D:1      | 729 ||| READING scroll labelled VINOBY CACLAQ.
   730 | D:1      | 730 ||| READING 4 scrolls labelled FABAKHL VINEU.
   731 | D:1      | 731 ||| READING scroll labelled IWUENI COYL.
   732 | D:1      | 732 ||| READING scroll labelled RAERIE IWIK.
   733 | D:1      | 733 ||| READING 3 scrolls of identify.
   733 | D:1      | 733 ||| IDENTIFYING smoky green potion
   734 | D:1      | 734 ||| READING 2 scrolls of identify.
   734 | D:1      | 734 ||| IDENTIFYING fuming red potion
   735 | D:1      | 735 ||| DROPPING scroll of poison.
   736 | D:1      | 736 ||| DROPPING potion of attraction.
   832 | D:2      | Reached XP level 3. HP: 29/29 MP: 3/3
   952 | D:2      | Reached XP level 4. HP: 11/36 MP: 4/4
  1078 | D:2      | 1078 ||| FLEEEEING.
  1079 | D:2      | 1079 ||| FLEEEEING.
  1480 | D:2      | 1480 ||| READING scroll labelled GYAKKIXTAI.
  1481 | D:2      | 1481 ||| READING 3 scrolls of identify.
  1481 | D:2      | 1481 ||| IDENTIFYING orange potion
  1482 | D:2      | 1482 ||| READING 2 scrolls of identify.
  1482 | D:2      | 1482 ||| IDENTIFYING white potion
  1504 | D:3      | Noticed Robin
  1511 | D:3      | 1511 ||| STAIRDANCE
  1596 | D:3      | 1596 ||| STAIRDANCE
  1678 | D:3      | 1678 ||| STAIRDANCE
  1681 | D:2      | Killed Robin
  1789 | D:3      | Noticed Sigmund
  1799 | D:3      | Killed Sigmund
  1800 | D:3      | Reached XP level 5. HP: 28/48 MP: 5/5
  1800 | D:3      | Reached XP level 6. HP: 33/56 MP: 6/6
  1902 | D:3      | 1902 ||| Stepping ~*~*~tactically~*~*~ (outnumbered).
  2229 | D:3      | Found a glowing silver altar of Zin.
  2229 | D:3      | Noticed an angel
  2570 | D:3      | Found a large runed translucent door.
  2571 | D:3      | Found a large runed translucent door.
  2575 | D:3      | Noticed qw's ghost (amateur GrHs)
  2580 | D:3      | 2580 ||| UPGRADING to +0 pair of gloves.
  2585 | D:3      | 2585 ||| READING 4 scrolls of identify.
  2585 | D:3      | 2585 ||| IDENTIFYING puce potion
  2586 | D:3      | 2586 ||| READING 3 scrolls of identify.
  2586 | D:3      | 2586 ||| IDENTIFYING amethyst potion
  2587 | D:3      | 2587 ||| DROPPING potion of degeneration.
  2620 | D:4      | Noticed Dowan
  2620 | D:4      | Found a stormy altar of Qazlal.
  2621 | D:4      | 2621 ||| PLANNING SEWER
  2628 | D:4      | 2628 ||| STAIRDANCE
  2729 | D:4      | Noticed Duvessa
  2736 | D:4      | 2736 ||| STAIRDANCE
  2851 | D:4      | 2851 ||| STAIRDANCE
  2856 | D:3      | HP: 9/56 [Duvessa/+0 short sword (8)]
  2857 | D:3      | 2857 ||| DRINKING potion of heal wounds.
  2862 | D:3      | HP: 5/56 [Duvessa/+0 short sword (6)]
  2863 | D:3      | Slain by Duvessa

Levels and vault maps discovered:
D:1:      onia_arrival_mini_spirals, layout_loops_ring,
          shapermc_ecumenical_altar_mp_ritualfount, moated_statue
D:2:      layout_basic
D:3:      layout_loops_ring, zin_angel, ebering_ghost_disaster_area,
          uniq_sigmund, uniq_robin
D:4:      layout_loops_ring, chequers_temple_overflow_statue_of_worship,
          portal_sewer_entry_a, minivault_23, minmay_misc_feat_hallway,
          minmay_manual_mandibuliform, uniq_duvessa, uniq_edmund,
          uniq_blork_the_orc

Skill      XL: |  1  2  3  4 |
---------------+-------------+-----
Ranged Weapons | 3 4 5 |  5.7
Fighting       | 2 5 |  5.3
Dodging        | |  2.1
Spellcasting   | |  1.0
Hexes          | |  2.0

Action                     |  1- 3 |  4- 6 || total
---------------------------+-------+-------++-------
   Fire: Sling             |    94 |   153 ||   247
    Use: Scroll            |     6 |     5 ||    11
         Potion            |       |     1 ||     1
 Armour: Robe              |     2 |       ||     2
         Leather armour    |       |    15 ||    15
  Dodge: Dodged            |    27 |    63 ||    90

Table legend:
 A = Non-vault XP
 B = Vault XP
 C = Vault XP percentage of total XP
 D = Non-vault monster count
 E = Vault monster count
 F = Vault count percentage of total count
                 A         B        C        D         E       F
            +---------+---------+-------+---------+---------+-------
      Total |     254 |     249 |  49.5 |      58 |      12 |  17.1
            +---------+---------+-------+---------+---------+-------
        D:1 |      35 |       0 |   0.0 |      20 |       0 |   0.0
        D:2 |      90 |      23 |  20.4 |      17 |       5 |  22.7
        D:3 |     129 |     226 |  63.7 |      21 |       7 |  25.0
            +---------+---------+-------+---------+---------+-------
